 Dungeon Crawl Stone Soup version 0.30-a0-118-ga018f8e90f (webtiles) character file.

Game seed: 9507193357997128756

81 ytrimaz the Trooper (level 4, -6/46 HPs)
             Began as an Ogre Transmuter on Sept 13, 2022.
             Mangled by a gnoll
             ... wielding a +0 spear of flaming
              (8 damage)
             ... on level 2 of the Dungeon.
             The game lasted 00:03:03 (2560 turns).

ytrimaz the Trooper (Ogre Transmuter)               Turns: 2560, Time: 00:03:03

Health: -6/46      AC:  4    Str: 14    XL:     4   Next: 40%
Magic:  6/7        EV:  9    Int: 16    God:
Gold:   64         SH:  0    Dex:  9    Spells: 1/7 levels left

rFire   . . .      SeeInvis .      - Unarmed
rCold   . . .      Faith    .    (no shield)
rNeg    . . .      Spirit   .    a - +0 robe
rPois   .          Reflect  .    (helmet restricted)
rElec   .          Harm     .    d - +0 cloak
rCorr   .          Rampage  .    (gloves unavailable)
Will    .....                    (boots unavailable)
Stlth   +.........               (no amulet)
HPRegen 0.15/turn                (no ring)
MPRegen 0.10/turn                (no ring)

@: about to teleport
A: large, unfitting armour, tough skin 1
a: no special abilities


You were on level 2 of the Dungeon.
You visited 1 branch of the dungeon, and saw 2 of its levels.

You collected 64 gold pieces.


Innate Abilities, Weirdness & Mutations

You are too large for most types of armour.
You have tough skin. (AC +1)


   Skills:
 + Level 3.6 Fighting
 - Level 1.7 Dodging
 - Level 2.6 Unarmed Combat
 - Level 2.4 Spellcasting
 + Level 2.9 Transmutations
 + Level 1.2 Poison Magic


You had one spell level left.
You knew the following spells:

 Your Spells              Type           Power      Damage    Failure   Level
a - Beastly Appendage     Tmut           22%        N/A       6%          1
b - Wereblood             Tmut           11%        N/A       9%          2
c - Spider Form           Tmut/Pois      8%         N/A       26%         3

Your spell library contained the following spells:

 Spells                   Type           Power      Damage    Failure   Level
 Ice Form                 Ice/Tmut       6%         N/A       71%         4

Inventory:

Armour
 a - a +0 robe (worn)
 d - a +0 cloak (worn)
   (You found it on level 1 of the Dungeon)
Scrolls
 c - a scroll of amnesia {unknown}
 f - a scroll of identify
Potions
 b - a potion of lignification

Dungeon Overview and Level Annotations

Branches:
Dungeon (2/15) Zot: 9446

Altars:
Trog

.........###.####..###.###.#
#............# #..# #.# #)#
.............# #..# #.# #g#
#....<.......# #..# #.# #$#
#........###.####..# #.# #.#
###.##...>.......g.# #.# #.#
#.##...###.####g## #.# #.#
#.###### #.####g####.# #.#
#.# #<...@......# #.#
###....###### #.# #.#### #.#
#.# #.# ########.#
.........# ########.# ..#
#.#


You could see 3 gnolls.


Message History

A rat is nearby!
A rat is nearby!
You hit the rat. The rat barely misses you.
You hit the rat.
You kill the rat!
Unknown command.
You see here a rat corpse.
A kobold comes into view. It is wielding a +0 short sword.
The kobold shouts!
A kobold is nearby!
A kobold is nearby!
A kobold is nearby!
A kobold is nearby!
You hit the kobold but do no damage. The kobold barely misses you.
You hit the kobold. The kobold barely misses you.
You hit the kobold.
You kill the kobold!
Things that are here:
a +0 short sword; a kobold corpse You now have 64 gold pieces (gained 9).
Key pressed, stopping explore. 4 gnolls come into view.
A gnoll is wielding a +0 spear of flaming.
The gnoll shouts! x4
There are monsters nearby!
There are monsters nearby!
There are monsters nearby!
There are monsters nearby!
There are monsters nearby!
There are monsters nearby!
Unknown command.
Okay, then.
Press: ? - help, v - describe, . - travel
Here: a gnoll, wielding a +0 spear of flaming The floor.
Casting: Beastly Appendage (safe; 6% risk of failure)
Confirm with . or Enter, or press ? or * to list all spells.
The spell is quite dangerous to miscast (26% risk of failure)!
Continue anyway?
You turn into a venomous arachnid creature.
Your +0 cloak melds into your body.
Your +0 robe melds into your body. 😎 MP[-3]
You lost 3 mp, and now have 4/7 mp.
Unknown command.
Okay, then.
Okay, then.
You hit the gnoll.
The gnoll is poisoned.
The gnoll hits you with a +0 whip! 😕 HP[-7]
You take 7 damage, and now have 38/45 hp.
You hit the gnoll.
The gnoll looks as sick as possible!
You kill the gnoll!
The gnoll throws a throwing net.
The throwing net hits you.
You become entangled in the net!
You struggle against the net. 😕 HP[+1]
You now have 46 max hp (+1).
You tear a large gash into the net.
The gnoll barely misses you. The gnoll closely misses you.
Unknown command.
You shred the net and break free! The gnoll hits you with a +0 flail.
The gnoll barely misses you. 😕 HP[-3]
You take 3 damage, and now have 36/46 hp.
You hit the gnoll. The gnoll hits you with a +0 flail!
The gnoll hits you from afar with a +0 spear of flaming.
* * * LOW HITPOINT WARNING * * *
The gnoll burns you.
* * * LOW HITPOINT WARNING * * *
😨 HP[-17]
You take 17 damage, and now have 19/46 hp.
MASSIVE DAMAGE!! (PAUSE) Unknown command.
Your transformation is almost over. 😨 MP[+1]
The gnoll attacks as you move away! The gnoll closely misses you.
The gnoll attacks as you move away! The gnoll misses you.
The gnoll attacks as you move away! The gnoll hits you with a +0 flail.
* * * LOW HITPOINT WARNING * * *
😨 HP[-1]
You take 1 damage, and now have 18/46 hp.
The gnoll attacks as you move away! The gnoll barely misses you.
Your transformation has ended.
Your +0 cloak unmelds from your body.
Your +0 robe unmelds from your body.
The gnoll attacks as you move away! The gnoll hits you with a +0 flail.
* * * LOW HITPOINT WARNING * * *
😨 HP[-4]
You take 4 damage, and now have 14/46 hp. 😨 MP[+1]
The gnoll attacks as you move away!
The gnoll hits you but does no damage. 😨 HP[+1]
The gnoll attacks as you move away! The gnoll hits you with a +0 flail!
* * * LOW HITPOINT WARNING * * *
😱 HP[-13]
You take 13 damage, and now have 2/46 hp.
MASSIVE DAMAGE!! (PAUSE)
Okay, then.
As you read the scroll of teleportation, it crumbles to dust.
You feel strangely unstable. The gnoll hits you but does no damage.
The gnoll hits you from afar with a +0 spear of flaming!
You die...

Skill      XL: |  1  2  3  4 |
---------------+-------------+-----
Transmutations | 2 |  2.9
Fighting       | 2 3 |  3.6
Poison Magic   | 1 |  1.2
Dodging        | |  1.7
Unarmed Combat | |  2.6
Spellcasting   | |  2.4

Action                   |  1- 3 |  4- 6 || total
-------------------------+-------+-------++-------
Melee: Unarmed           |   116 |    35 ||   151
       Headbutt          |    16 |     3 ||    19
       Kick              |    14 |     4 ||    18
 Cast: Beastly Appendage |    18 |     2 ||    20
       Spider Form       |     1 |     1 ||     2
  Use: Scroll            |     2 |     1 ||     3
 Stab: Sleeping          |     1 |       ||     1
Armor: Robe              |    40 |     6 ||    46
       Skin              |     1 |       ||     1
Dodge: Dodged            |    67 |    18 ||    85

Levels and vault maps discovered:
D:1:      saegor_arrival_simple_e, layout_loops_corners
D:2:      layout_loops_ring, nicolae_ecumenical_snake_handling, basic_altar

Notes
Turn   | Place    | Note
-------+----------+-------------------------------------------
     0 | D:1      | ytrimaz the Ogre Transmuter began the quest for the Orb.
     0 | D:1      | Reached XP level 1. HP: 19/19 MP: 3/3
     0 | D:1      | magus.rc [v1.9.6]
   147 | D:1      | Reached skill level 2 in Transmutations
   190 | D:1      | Reached skill level 2 in Fighting
   290 | D:1      | Reached XP level 2. HP: 25/28 MP: 3/5
   364 | D:1      | Learned a level 2 spell: Wereblood
  1282 | D:1      | Reached XP level 3. HP: 35/36 MP: 3/6
  1286 | D:1      | Learned a level 3 spell: Spider Form
  1569 | D:2      | Reached skill level 3 in Fighting
  1870 | D:2      | Found a faded altar of an unknown god.
  1886 | D:2      | HP: 8/37 [hobgoblin (3)]
  2219 | D:2      | Reached XP level 4. HP: 45/45 MP: 7/7
  2271 | D:2      | Reached skill level 1 in Poison Magic
  2399 | D:2      | Found a bloodstained altar of Trog.
  2559 | D:2      | HP: 2/46 [gnoll/+0 flail (13)]
  2560 | D:2      | Mangled by a gnoll

Vanquished Creatures
  A gnoll (D:2)
  2 adders (D:2)
  A worm (D:2)
  A dart slug (D:1)
  4 orcs (D:2)
  9 ball pythons
  3 endoplasms
  2 giant cockroaches (D:1)
  3 goblins
  2 hobgoblins (D:2)
  2 jackals (D:1)
  3 quokkas (D:1)
  2 bats (D:1)
  2 frilled lizards (D:1)
  4 kobolds
  A rat (D:2)
42 creatures vanquished.

Table legend:
 A = Non-vault XP
 B = Vault XP
 C = Vault XP percentage of total XP
 D = Non-vault monster count
 E = Vault monster count
 F = Vault count percentage of total count
                 A         B        C        D         E       F
            +---------+---------+-------+---------+---------+-------
      Total |      99 |      17 |  14.7 |      38 |       4 |   9.5
            +---------+---------+-------+---------+---------+-------
        D:1 |      35 |       0 |   0.0 |      20 |       0 |   0.0
        D:2 |      64 |      17 |  21.0 |      18 |       4 |  18.2
            +---------+---------+-------+---------+---------+-------

Illustrated notes

Table legend:
 A = Kills in this place as a percentage of kills in entire the game.
 B = Kills by you in this place as a percentage of kills by you in the entire game.
 C = Kills by friends in this place as a percentage of kills by friends in the entire game.
 D = Other kills in this place as a percentage of other kills in the entire game.
 E = Experience gained in this place as a percentage of experience gained in the entire game.
 F = Experience gained in this place divided by the number of levels of this place that you have seen.
                   A       B       C       D       E      F
               +-------+-------+-------+-------+-------+----------------------
         Total | 100.0 | 100.0 |   N/A |   N/A | 100.0 |  58.0
       Dungeon | 100.0 | 100.0 |   N/A |   N/A | 100.0 |  58.0
               +-------+-------+-------+-------+-------+----------------------

Table legend: (Time is in decaauts)
 A = Elapsed time spent in this place.
 B = Non-inter-level travel time spent in this place.
 C = Inter-level travel time spent in this place.
 D = Time resting spent in this place.
 E = Time spent auto-exploring this place.
 F = Levels seen in this place.
 G = Mean time per level.
                   A        B        C        D        E       F      G
               +--------+--------+--------+--------+--------+-----+--------+
         Total |   2552 |   2535 |     17 |    100 |   2069 |   2 | 1276.0 |
       Dungeon |   2552 |   2535 |     17 |    100 |   2069 |   2 | 1276.0 |
               +--------+--------+--------+--------+--------+-----+--------+

Top non-repeatable levels by time:
     D:1: 1507 daAuts
     D:2: 1045 daAuts
